 Dungeon Crawl Stone Soup version 0.27-a0-1462-g4244d90 (webtiles) character file.

Game seed: 4510989750375261866

60 Meow the Conjurer (level 4, 33/33 HPs)
             Began as a Ghoul Conjurer on July 5, 2021.
             Quit the game on level 3 of the Dungeon on July 6, 2021.
             The game lasted 00:04:56 (1775 turns).

Meow the Conjurer (Ghoul Conjurer)                  Turns: 1775, Time: 00:04:57

Health: 33/33      AC:  3    Str: 10    XL:     4   Next: 4%
Magic:  7/7        EV: 11    Int: 14    God:
Gold:   106        SH:  0    Dex:  7    Spells: 5/8 levels left

rFire    . . .     SeeInvis .   a - +2 dagger (speed)
rCold    + . .     Faith    .   (no shield)
rNeg     + + +     Spirit   .   d - +0 robe
rPois    ∞         Reflect  .   (no helmet)
rElec    .         Harm     .   (no cloak)
rCorr    .         Rampage  .   j - +0 pair of gloves
Will     .....                  (no boots)
Stlth    ++........             (no amulet)
HPRegen  0.11/turn              (no ring)
MPRegen  0.10/turn              (no ring)

@: no status effects
A: claws 1, cold resistance 1, negative energy resistance 3, inhibited
regeneration, torment resistance 2
a: no special abilities


You were on level 3 of the Dungeon.
You visited 1 branch of the dungeon, and saw 3 of its levels.

You collected 106 gold pieces.

Inventory:

Hand Weapons
 a - a +2 dagger of speed (weapon)
Missiles
 b - 25 poisoned darts
 c - 26 sling bullets
 f - 27 stones
Armour
 d - a +0 robe (worn)
 j - a +0 pair of gloves (worn)
Scrolls
 e - a scroll of enchant armour {unknown}
 h - a scroll of torment {unknown}
 i - a scroll of acquirement {unknown}
 l - a scroll of vulnerability {unknown}
 m - a scroll of identify {unknown}
Potions
 g - a potion of degeneration {unknown}
 k - a potion of curing {unknown}


   Skills:
 - Level 1.7 Dodging
 - Level 2.1 Stealth
 + Level 2.8 Spellcasting
 + Level 3.9 Conjurations


You had 5 spell levels left.
You knew the following spells:

 Your Spells              Type           Power      Damage    Failure   Level
a - Magic Dart            Conj           52%        1d5       4%          1
b - Searing Ray           Conj           26%        3d4       6%          2

Your spell library contained the following spells:

 Spells                   Type           Power      Damage    Failure   Level
 Dazzling Flash           Conj/Hex       14%        N/A       28%         3
 Tukima's Dance           Hex            1%         N/A       54%         3
 Fulminant Prism          Conj/Hex       3%         3d6       67%         4
 Iskenderun's Mystic Bla  Conj/Tloc      7%         2d4       67%         4
 Passage of Golubria      Tloc           N/A        N/A       91%         4
 Summon Forest            Summ/Tloc      0%         N/A       99%         5
 Summon Mana Viper        Hex/Summ       1%         N/A       99%         5
 Yara's Violent Unravell  Hex/Tmut       0%         3d3       99%         5
 Shadow Creatures         Summ           N/A        N/A       100%        6


Dungeon Overview and Level Annotations

Branches:
Dungeon (3/15)

Altars:

Shops:
D:1 =

Annotations:
D:2 1 runed translucent door, Crazy Yiuf


Innate Abilities, Weirdness & Mutations

You thrive by killing the living.
You are immune to poison.
You have sharp fingernails.
Your flesh is cold resistant. (rC+)
You are immune to negative energy. (rN+++)
You do not regenerate when monsters are visible.
You are immune to unholy pain and torment.


Message History

Unknown command.
Could not explore, unopened runed door.
You see here a +0 mace.
You see here a +0 mace.
You see here a +0 mace.
You see here a +0 mace.
You see here a +0 mace.
Crazy Yiuf shouts!
Crazy Yiuf laughs, "East!"
You see here a +0 mace.
You see here a +0 mace.
You see here a +0 mace.
You see here a +0 mace.
You see here a +0 mace.
You see here a +0 mace.
You see here a +0 mace.
You see here a +0 mace.
You see here a +0 mace.
You see here a +0 mace.
Crazy Yiuf screams, "Orb!
Earwax cloud noodlescoop."
You see here a +0 mace.
You see here a +0 mace.
You see here a +0 mace.
You see here a +0 mace.
You see here a +0 mace.
You see here a +0 robe.
There is a stone staircase leading down here.
You climb downwards.
Found a scroll labelled MALURU TOWN.
There is a stone staircase leading up here.
Save game and exit?
Welcome back, Meow the Ghoul Conjurer.
Press ? for a list of commands and other information.
m - a scroll labelled MALURU TOWN
Found Great Wizards, Vol.
VII.
You see here Great Wizards, Vol.
VII.
You pick up Great Wizards, Vol.
VII and begin reading...
Unfortunately, you learned nothing new.
Okay, then.
Are you sure you want to abandon this character and quit the game? (Confirm with "yes".)

#.#.# #.#.# #.#.#
#################.#.#
..................#.#
######.###########.#
#.# #......<# #.#
#.#####.# #.# #@# #.#
#.#####.# #.#
#.......# #..
######### ###


There were no monsters in sight!

Vanquished Creatures
  Jessica (D:2)
  2 dart slugs
  4 ball pythons
  4 endoplasms
  3 giant cockroaches
  4 goblins
  A hobgoblin (D:1)
  A quokka (D:2)
  3 bats
  A frilled lizard (D:1)
  4 kobolds
28 creatures vanquished.

Notes
Turn   | Place    | Note
-------+----------+-------------------------------------------
     0 | D:1      | Meow the Ghoul Conjurer began the quest for the Orb.
     0 | D:1      | Reached XP level 1. HP: 14/14 MP: 2/2
   187 | D:1      | Reached XP level 2. HP: 20/20 MP: 0/4
   235 | D:1      | Found Zovicoru's Jewellery Shop.
   533 | D:1      | Found a faded altar of an unknown god.
   922 | D:2      | Learned a level 2 spell: Searing Ray
  1037 | D:2      | Reached XP level 3. HP: 26/26 MP: 3/5
  1428 | D:2      | Noticed Jessica
  1430 | D:2      | Killed Jessica
  1431 | D:2      | Reached XP level 4. HP: 33/33 MP: 2/7
  1667 | D:2      | Found a runed translucent door.
  1668 | D:2      | Noticed Crazy Yiuf
  1741 | D:3      | Upgraded the game from 0.27-a0-1456-gf5a1169 to
                  | 0.27-a0-1462-g4244d90
  1775 | D:3      | Quit the game

Illustrated notes

Levels and vault maps discovered:
D:1:      heliophobic_arrival_ceremonial_halls, layout_basic, serial_shops,
          shop, shapermc_ecumenical_altar_totnotflames, chequers_garden
D:2:      layout_rooms, uniq_jessica, uniq_crazy_yiuf_cottage
D:3:      gammafunk_steamed_eel, layout_basic, old_standard_altar

Skill      XL: |  1 |
---------------+----+-----
Spellcasting   | 2 |  2.8
Dodging        | |  1.7
Stealth        | |  2.1
Conjurations   | |  3.9

Action                   |  1- 3 |  4- 6 || total
-------------------------+-------+-------++-------
Melee: Unarmed           |     5 |       ||     5
       Dagger            |    12 |     8 ||    20
 Cast: Magic Dart        |    38 |     3 ||    41
       Searing Ray       |     2 |       ||     2
Armor: Robe              |     2 |     2 ||     4
Dodge: Dodged            |     9 |     3 ||    12

Table legend: (Time is in decaauts)
 A = Elapsed time spent in this place.
 B = Non-inter-level travel time spent in this place.
 C = Inter-level travel time spent in this place.
 D = Time resting spent in this place.
 E = Time spent auto-exploring this place.
 F = Levels seen in this place.
 G = Mean time per level.
                   A        B        C        D        E       F      G
               +--------+--------+--------+--------+--------+-----+--------+
         Total |   1767 |   1705 |     62 |    501 |    922 |   3 |  589.0 |
       Dungeon |   1767 |   1705 |     62 |    501 |    922 |   3 |  589.0 |
               +--------+--------+--------+--------+--------+-----+--------+

Top non-repeatable levels by time:
     D:1: 915 daAuts
     D:2: 817 daAuts
     D:3: 34 daAuts
